 Dungeon Crawl Stone Soup version 0.20-a0-9-g62d82d9 (webtiles) character file.

83 GlassEater the Sneak (level 4, -6/28 HPs)
             Began as a Kobold Assassin on Nov 1, 2016.
             Was an Initiate of Ashenzari.
             Killed from afar by an orc wizard (7 damage)
             ... with a magic dart
             ... on level 3 of the Dungeon.
             The game lasted 00:05:31 (2245 turns).

GlassEater the Sneak (Kobold Assassin)              Turns: 2245, Time: 00:05:31

Health: -6/28      AC:  4    Str:  8    XL:     4   Next: 71%
Magic:  4/4        EV: 16    Int: 12    God:    Ashenzari [......]
Gold:   76         SH:  0    Dex: 17    Spells: 0 memorised, 3 levels left

rFire  . . .     SeeInvis .     a - +2 dagger
rCold  . . .     Gourm    .     c - +0 robe
rNeg   . . .     Faith    .     (shield restricted)
rPois  .         Spirit   .     (no helmet)
rElec  .         Reflect  .     d - +0 cloak
rCorr  .         Harm     .     e - +0 pair of gloves
MR     .....                    (no boots)
Stlth  +++.......               (no amulet)
                                (no ring)
                                (no ring)

@: no status effects
A: carnivore 3
a: Curse Item, Renounce Religion


You were on level 3 of the Dungeon.
You worshipped Ashenzari.
Ashenzari was noncommittal.
You were completely stuffed.

You visited 1 branch of the dungeon, and saw 3 of its levels.

You collected 76 gold pieces.

Inventory:

Hand Weapons
 a - a +2 dagger (weapon)
Missiles
 f - 63 stones (quivered)
 u - 21 poisoned needles
Armour
 c - a +0 robe (worn)
 d - a +0 cloak (worn)
 e - a +0 pair of gloves (worn)
Scrolls
 h - a scroll of identify {unknown}
 i - a scroll of fear {unknown}
 j - 2 scrolls of fog {unknown}
 k - a scroll of teleportation {unknown}
 m - a scroll of random uselessness {unknown}
 r - a scroll of blinking {unknown}
Potions
 b - 2 potions of heal wounds {unknown}
 o - a potion of lignification {unknown}
 q - a potion of brilliance {unknown}
 s - a potion of haste {unknown}
 t - a potion of invisibility {unknown}
 v - a potion of curing {unknown}
Books
 n - a book of Changes

   Spells                             Type                      Level
   a - Beastly Appendage              Transmutation                1
   b - Sticks to Snakes               Transmutation                2
   c - Spider Form                    Transmutation/Poison         3
   d - Ice Form                       Ice/Transmutation            4
   e - Blade Hands                    Transmutation                5
Comestibles
 g - a meat ration
 l - 2 beef jerkies
 p - 3 chunks of flesh


   Skills:
 + Level 3.2 Fighting
 + Level 3.4 Short Blades
 - Level 2.1 Throwing
 + Level 3.1 Dodging
 + Level 5.8 Stealth


You had 3 spell levels left.
You didn't know any spells.

Dungeon Overview and Level Annotations

Branches:
Dungeon (3/15)

Altars:
Ashenzari
Dithmenos
Hepliaklqana
Sif Muna
Uskayaw
Xom


Innate Abilities, Weirdness & Mutations

You are small and have problems with some larger weapons.
You are carnivorous and can eat meat at any time.


Message History

The orc wizard is moderately wounded.
The orc wizard hits you but does no damage.
You hit the orc wizard.
The orc wizard is heavily wounded.
The orc wizard hits you but does no damage.
You barely miss the orc wizard.
The orc wizard is heavily wounded.
The orc wizard closely misses you.
You hit the orc wizard.
The orc wizard is severely wounded.
The orc wizard casts a spell at you. The magic dart hits you!
* * * LOW HITPOINT WARNING * * *
You hit the orc wizard.
The orc wizard is severely wounded.
You barely miss the orc wizard.
The orc wizard is severely wounded.
The orc wizard gestures at you while chanting.
The magic dart hits you!
You die...

#.##...###.#
.......#.##.#
##.#........#
##....#...#
#####......#####
?............†.#
####......###)#
##.o..## #.#
##@#.# #.#
#†#.####.#
#>)....#.#
###.##.... ##
#.# ### #. #.#
#. #.###### #.
#......# #.
######.# #.


You could see an orc wizard.

Vanquished Creatures
  An adder (D:2)
  2 worms (D:2)
  2 dart slugs (D:1)
  2 orcs (D:3)
  2 giant cockroaches
  8 hobgoblins
  9 jackals
  9 kobolds
  A quokka (D:2)
  A ball python (D:1)
  5 bats
  5 frilled lizards
  6 goblins
  7 rats
60 creatures vanquished.

Notes
Turn   | Place    | Note
-------+----------+-------------------------------------------
     0 | D:1      | GlassEater the Kobold Assassin began the quest for the Orb.
     0 | D:1      | Reached XP level 1. HP: 12/12 MP: 1/1
   108 | D:1      | Reached XP level 2. HP: 8/18 MP: 2/2
   515 | D:1      | Found a shattered altar of Ashenzari.
   520 | D:1      | Became a worshipper of Ashenzari the Shackled
   560 | D:1      | Reached XP level 3. HP: 18/22 MP: 3/3
  1334 | D:2      | Found a shadowy altar of Dithmenos.
  1419 | D:2      | Found a hide-covered altar of Uskayaw.
  1419 | D:2      | Noticed a dagger
  1419 | D:2      | Noticed a hand axe
  1448 | D:2      | Found a deep blue altar of Sif Muna.
  1454 | D:2      | Reached XP level 4. HP: 27/27 MP: 4/4
  1529 | D:2      | Found a shimmering altar of Xom.
  1685 | D:2      | Found a hazy altar of Hepliaklqana.
  2243 | D:3      | HP: 1/28 [orc wizard/magic dart (6)]
  2245 | D:3      | Killed from afar by an orc wizard

Vault maps used:
D:1:      saegor_arrival_simple_f, nicolae_ashenzari_panopticon
D:2:      grunt_dithmenos_smoke_and_mirrors, old_standard_altar,
          xom_teletrap_fun, overflow_temple_1_default, dancing_weapons_uskayaw
D:3:      grunt_temple_overflow_opulence

Skill      XL: |  1  2  3  4 |
---------------+-------------+-----
Short Blades   | 3 |  3.4
Dodging        | 2 3 |  3.1
Fighting       | 3 |  3.2
Throwing       | |  2.1
Stealth        | |  5.8

Action                   |  1- 3 |  4- 6 || total
-------------------------+-------+-------++-------
Melee: Dagger            |   120 |    99 ||   219
 Stab: Sleeping          |    10 |     6 ||    16
  Eat: Chunk             |    10 |     3 ||    13
Armor: Robe              |    19 |    14 ||    33
Dodge: Dodged            |    95 |    50 ||   145
